 Dungeon Crawl Stone Soup version 0.22-a0-292-g0df9d5f48d (webtiles) character file.

116026 Infinimo the Minotaur Blade (level 16, -27/151 HPs)
             Began as a Minotaur Fighter on Mar 23, 2018.
             Was the Champion of Okawaru.
             Killed from afar by an ice dragon (29 damage)
             ... with a blast of cold
             ... on level 15 of the Dungeon.
             The game lasted 01:04:56 (34976 turns).

Infinimo the Minotaur Blade (Minotaur Fighter)     Turns: 34976, Time: 01:04:59

Health: -27/151    AC: 26    Str: 23    XL:     16   Next: 20%
Magic:  0/15       EV:  7    Int: 10    God:    Okawaru [******]
Gold:   1781       SH: 14    Dex: 10    Spells: 14/15 levels left

rFire    . . .     SeeInvis .   t - +2 scimitar (protect)
rCold    . . .     Gourm    .   c - +1 shield
rNeg     . . .     Faith    .   x - +0 plate armour
rPois    +         Spirit   +   M - +1 hat {MR+}
rElec    .         Reflect  .   y - scarf {repulsion}
rCorr    .         Harm     .   J - +1 pair of gloves {archery}
MR       ++...                  E - +0 pair of boots {run}
Stlth    ..........             L - amulet of guardian spirit
HPRegen  0.35/turn              e - +6 ring of protection
MPRegen  0.14/turn              u - ring of poison resistance

@: drained, repel missiles, quick
A: retaliatory headbutt, horns 2
a: Heroism, Finesse, Renounce Religion


You were on level 15 of the Dungeon.
You worshipped Okawaru.
Okawaru was exalted by your worship.
You were not hungry.

You visited 4 branches of the dungeon, and saw 24 of its levels.

You collected 2661 gold pieces.
You spent 880 gold pieces at shops.

Inventory:

Hand Weapons
 t - a +2 scimitar of protection (weapon)
Armour
 c - a +1 shield (worn)
 x - a +0 plate armour (worn)
 y - a scarf of repulsion (worn)
 E - a +0 pair of boots of running (worn)
 J - a +1 pair of gloves of archery (worn)
 M - a +1 hat of magic resistance (worn)
Jewellery
 e - a +6 ring of protection (left hand)
 r - an uncursed ring of resist corrosion
 s - an uncursed ring of see invisible
 u - a ring of poison resistance (right hand)
 L - an amulet of guardian spirit (around neck)
Wands
 a - a wand of clouds (5)
 d - a wand of digging (20)
 q - a wand of iceblast (9)
 G - a wand of acid (9)
Scrolls
 b - 3 scrolls of blinking
 g - 3 scrolls of teleportation
 h - 9 scrolls of identify
 i - 10 scrolls of amnesia
 l - 8 scrolls of magic mapping
 m - 3 scrolls of enchant weapon
 n - 4 scrolls of fear
 p - 10 scrolls of remove curse
 z - a scroll of fog
 K - 2 scrolls of enchant armour
Potions
 j - 16 potions of curing
 o - a potion of cancellation
 v - 6 potions of flight
 A - 2 potions of resistance
 B - a potion of might
 C - 5 potions of agility
 D - a potion of brilliance
 F - 7 potions of haste
 I - a potion of ambrosia
 N - a potion of heal wounds
Miscellaneous
 H - a phantom mirror
Comestibles
 f - 55 rations
 k - 6 chunks of flesh


   Skills:
 + Level 15.9(15.0) Fighting
 * Level 22.6(21.6) Long Blades
 + Level 11.8(11.0) Armour
 - Level 15.0(14.1) Shields


You had 14 spell levels left.
You knew the following spells:

 Your Spells              Type           Power        Failure   Level  Hunger
a - Infusion              Chrm           #...         99%         1    ##.....


Dungeon Overview and Level Annotations

Branches:
Dungeon (15/15)            Temple (0/1) D:4            Lair (6/6) D:11
 Shoals (1/4) Lair:3        Snake (0/4) Lair:3        Slime (0/5) Lair:6
    Orc (2/2) D:10            Elf (0/3) Orc:2        Vaults (0/5) D:14
 Depths: D:15

Altars:
Ashenzari
Cheibriados
Makhleb
Okawaru
Sif Muna
Trog
Uskayaw
Vehumet
Xom
Zin
The Shining One
Beogh
Jiyva
Lugonu

Shops:
D:7 :[**(   D:11 :   D:12 *   D:14 *   Orc:2 *=((

Annotations:
Lair:3 exclusion: oklob plant
Lair:6 Rupert


Innate Abilities, Weirdness & Mutations

You reflexively headbutt those who attack you in melee.
You have a pair of horns on your head.


Message History

The troll leather armour is intact enough to wear.
A cyclops comes into view.
The cyclops shouts!
You hear a shout!
The ice dragon breathes frost at you. The blast of cold hits you!
The frost giant gestures at you while chanting.
The bolt of cold hits you!
Things that are here:
5 large rocks; a crocodile corpse
There is an open door, spattered with blood here.
Items here: ( [ ††† +0 acid dragon scales; a large rock; a basilisk corpse; an acid dragon corpse a basilisk corpse The frost giant gestures at you while chanting.
The bolt of cold hits you!
* * * LOW HITPOINT WARNING * * *
The ice dragon breathes frost at you.
The blast of cold hits the frost giant.
The frost giant resists.
The blast of cold hits you!
You die...

.C ..'..#+....#.. ##....(#+# ([?
#.[+......## #......#. ≈§
#'..<...... #.#.#(###
#≈##.....#+#+## ##+#(##(#
#########≈?.Dl.###.#.####.#.#.#..
.......##≈$....+#......#.....(#..
....<..##≈}##.C#..⌠P..#+#.#...#).
...<.<.##≈$..#.[#.P8P..#(.)#..#..
#......##≈%..#(#@..P⌠.#'#...#.#).
##..#..##§§§)?/##......#......##.
#.....##≈§§§§≈##.#.#..#######+##
##.#.#.###########'#'##.')..###..
#......####.#####.#.#.#+#)#.#.#.#
#...#..##......#......#...#...#..
#......##..#..#'#.#...#.##..#.#.#
...#(#.#.......#...#..#.......#..
.......##..#..#+#...#.###.#...#.#


You could see a frost giant (wandering), an ice dragon and a wyvern.

Vanquished Creatures
  Gastronok (Lair:2)
  An orc warlord (Orc:2)
  2 fire dragons (D:15)
  4 yaktaur captains (D:15)
  The ghost of feamirim the Severer, a journeyman GrFi of Okawaru (D:15)
  An ice dragon (D:14)
  A vault guard (D:14)
  2 centaur warriors
  6 hydras
  A death knight (D:15)
  10 two-headed ogres
  A deep troll earth mage (D:15)
  4 orc high priests (Orc:2)
  8 skeletal warriors (D:13)
  5 unseen horrors
  The ghost of Execuda the Grappler, a novice TrHu of Elyvilon (D:6)
  A lindwurm (Lair:5)
  2 phantasmal warriors
  10 orc knights
  An orb spider (shapeshifter) (D:15)
  6 ugly things
  2 wolf spider zombies
  4 wolf spiders
  4 orc sorcerers (Orc:2)
  5 deep elf magi
  12 cyclopes
  4 manticores
  3 elephants (Lair:5)
  A merfolk siren (Lair:3)
  A guardian serpent (Lair:6)
  11 black mambas
  A torpor snail (Lair:6)
  2 gargoyles (D:11)
  9 spiny frogs
  6 centaur skeletons
  A kobold demonologist (D:15)
  12 komodo dragons
  A yaktaur (D:15)
  A meliai (D:15)
  11 polar bears
  4 trolls
  A queen bee (D:9)
  3 merfolk (Lair:3)
  3 hornets
  A harpy skeleton (D:15)
  10 blink frogs
  11 hippogriffs
  Prince Ribbit (D:5)
  3 raiju (Lair:6)
  2 spriggans (Lair:1)
  3 redbacks (Lair:6)
  A vampire (D:9)
  3 shadows
  A human (shapeshifter) (D:13)
  6 basilisks
  2 hogs (D:13)
  A human (D:13)
  17 wyverns
  44 yaks
  A wraith (D:15)
  4 vampire mosquitoes (D:15)
  4 hungry ghosts
  A hog (shapeshifter) (D:14)
  9 wargs
  An acid dragon (D:15)
  A soldier ant (D:12)
  19 water moccasins
  4 nagas (Lair:3)
  14 hell hounds (Lair:6)
  4 porcupines
  8 sky beasts
  A meliai simulacrum (D:15)
  7 ice beasts
  A black bear (shapeshifter) (D:15)
  2 phantoms
  52 orc warriors
  12 black bears
  An eye of draining (D:15)
  3 necrophages
  A boggart (D:15)
  25 ogres
  25 wolves
  11 centaurs
  10 crocodiles
  16 bullfrogs
  3 gnoll sergeants
  6 big kobolds
  A wyvern zombie (D:8)
  A wyvern skeleton (D:8)
  2 scorpions
  23 killer bees
  12 wights
  An electric eel (Lair:6)
  11 crimson imps
  5 centaur zombies
  5 hounds
  4 quasits
  3 bullfrog zombies
  41 orc priests
  2 bullfrog skeletons
  8 jellies
  5 iguanas
  23 orc wizards
  13 worker ants
  6 hell rats (Lair:6)
  A hound zombie (D:9)
  3 hound skeletons
  A worker ant zombie (D:9)
  A howler monkey zombie (D:8)
  12 adders
  12 gnolls
  4 shadow imps
  An ooze (D:4)
  5 worms
  3 dart slugs
  6 leopard geckos
  140 orcs
  2 bats (D:1)
  4 giant cockroaches
  8 goblins
  6 hobgoblins
  14 jackals
  12 kobolds
  6 quokkas
  2 ball pythons
  3 frilled lizards (D:1)
  3 rats
  A butterfly (Lair:4)
939 creatures vanquished.

Vanquished Creatures (others)
  14 fungi
  35 plants
49 creatures vanquished.

Grand Total: 988 creatures vanquished

Notes
Turn   | Place    | Note
-------+----------+-------------------------------------------
     0 | D:1      | Infinimo the Minotaur Fighter began the quest for the Orb.
     0 | D:1      | Reached XP level 1. HP: 19/19 MP: 0/0
   329 | D:1      | Reached skill level 3 in Long Blades
   476 | D:1      | Reached XP level 2. HP: 25/27 MP: 1/1
  1032 | D:2      | Found a bloodstained altar of Trog.
  1115 | D:2      | Reached XP level 3. HP: 31/33 MP: 2/2
  1147 | D:2      | Found an iron altar of Okawaru.
  1154 | D:2      | Reached skill level 4 in Long Blades
  1164 | D:2      | Became a worshipper of Warmaster Okawaru
  1752 | D:2      | Found a burning altar of Makhleb.
  1752 | D:2      | Noticed an ogre
  1760 | D:2      | Killed an ogre
  1760 | D:2      | Reached skill level 5 in Fighting
  1760 | D:2      | Reached skill level 5 in Long Blades
  1760 | D:2      | Reached XP level 4. HP: 29/42 MP: 3/3
  1760 | D:2      | Reached XP level 5. HP: 33/48 MP: 4/4
  2898 | D:3      | Found a deep blue altar of Sif Muna.
  3069 | D:3      | Reached skill level 6 in Long Blades
  3202 | D:4      | Reached * piety under Okawaru
  3202 | D:4      | Reached XP level 6. HP: 44/56 MP: 5/5
  3297 | D:4      | Found a shattered altar of Ashenzari.
  3457 | D:4      | Reached skill level 7 in Long Blades
  3674 | D:4      | Reached XP level 7. HP: 21/64 MP: 6/6
  3986 | D:4      | Found a staircase to the Ecumenical Temple.
  4161 | D:5      | Entered Level 5 of the Dungeon
  4165 | D:5      | Noticed Prince Ribbit
  4172 | D:4      | Reached skill level 8 in Long Blades
  4337 | D:5      | Killed Prince Ribbit
  4337 | D:5      | Reached ** piety under Okawaru
  4592 | D:5      | Reached skill level 9 in Long Blades
  5087 | D:5      | Reached XP level 8. HP: 46/73 MP: 7/7
  5387 | D:6      | Reached skill level 10 in Long Blades
  5527 | D:6      | Noticed Execuda's ghost (novice TrHu)
  5569 | D:6      | Killed Execuda's ghost
  5569 | D:6      | Reached *** piety under Okawaru
  5569 | D:6      | Reached skill level 11 in Long Blades
  5806 | D:6      | Found a radiant altar of Vehumet.
  6110 | D:6      | Found a glowing silver altar of Zin.
  6223 | D:7      | Found Jihiavun's Assorted Antiques.
  6223 | D:7      | Found Vipsilyvo's Armour Shop.
  6227 | D:7      | Bought a scroll of teleportation for 48 gold pieces
  6262 | D:7      | Reached XP level 9. HP: 63/82 MP: 8/8
  6284 | D:7      | Found Geol's Assorted Antiques.
  6284 | D:7      | Found Gadag's Weapon Emporium.
  6328 | D:7      | Reached skill level 12 in Long Blades
  6339 | D:7      | Bought a black opal-encrusted leather armour for 168 gold pieces
  6339 | D:7      | Bought a scroll labeled CIRCHI LOTROI for 24 gold pieces
  6340 | D:7      | Identified the cursed +0 leather armour of the Peculiar Places {*Contam rPois Int+6} (You bought it in a shop on level 7 of the Dungeon)
  7017 | D:7      | Found Empaseen's Book Boutique.
  7409 | D:7      | Reached **** piety under Okawaru
  7409 | D:7      | Reached skill level 10 in Fighting
  7415 | D:7      | Reached skill level 13 in Long Blades
  7958 | D:8      | Reached XP level 10. HP: 85/94 MP: 9/9
  8240 | D:8      | Noticed a two-headed ogre
  8481 | D:8      | Reached skill level 14 in Long Blades
  8532 | D:8      | Killed a two-headed ogre
  8532 | D:8      | Reached ***** piety under Okawaru
  8950 | D:8      | Noticed a two-headed ogre
  8976 | D:8      | HP: 4/96 [two-headed ogre/giant spiked club (25)]
  8982 | D:8      | Killed a two-headed ogre
  8982 | D:8      | Received a gift from Okawaru
  8982 | D:8      | Reached skill level 15 in Long Blades
  9086 | D:8      | Noticed a two-headed ogre
  9369 | D:8      | Killed a two-headed ogre
  9840 | D:7      | Bought a pair of gloves for 72 gold pieces
  9920 | D:8      | Noticed a purple ugly thing
  9940 | D:8      | Killed a purple ugly thing
  9940 | D:8      | Reached XP level 11. HP: 56/104 MP: 10/10
 10193 | D:8      | Noticed a two-headed ogre
 10200 | D:8      | Killed a two-headed ogre
 10200 | D:8      | Reached skill level 16 in Long Blades
 10298 | D:8      | Received a gift from Okawaru
 10304 | D:8      | Reached skill level 5 in Armour
 10713 | D:9      | Got a heavily runed granite ring
 10868 | D:9      | Reached skill level 5 in Shields
 11616 | D:10     | Entered Level 10 of the Dungeon
 12196 | D:10     | Identified the ring of Xaosk {+Fly Str-5 Dex+6} (You found it on level 9 of the Dungeon)
 12212 | D:10     | Noticed an unseen horror
 12216 | D:10     | Killed an unseen horror
 13011 | D:10     | Found a staircase to the Orcish Mines.
 13589 | D:11     | Found Xoyjahou's Book Boutique.
 13599 | D:11     | Learned a level 1 spell: Infusion
 13674 | D:11     | Reached XP level 12. HP: 111/111 MP: 11/11
 13736 | D:11     | Received a gift from Okawaru
 13874 | D:11     | Found a staircase to the Lair.
 13952 | D:11     | Reached skill level 17 in Long Blades
 14511 | Lair:1   | Entered Level 1 of the Lair of Beasts
 15578 | Lair:2   | Noticed Gastronok
 15617 | Lair:2   | Killed Gastronok
 15617 | Lair:2   | Reached skill level 10 in Armour
 16526 | Lair:3   | Reached skill level 10 in Shields
 16742 | Lair:3   | Found a staircase to the Snake Pit.
 16776 | Lair:3   | Received a gift from Okawaru
 16949 | Lair:3   | Found a hide-covered altar of Uskayaw.
 17457 | Lair:3   | Found a staircase to the Shoals.
 17478 | Lair:3   | Reached XP level 13. HP: 96/116 MP: 12/12
 17824 | Lair:3   | Reached skill level 18 in Long Blades
 18545 | Orc:1    | Entered Level 1 of the Orcish Mines
 19002 | D:10     | Reached ****** piety under Okawaru
 19533 | Orc:2    | Entered Level 2 of the Orcish Mines
 20368 | Orc:2    | Found a roughly hewn altar of Beogh.
 21337 | Lair:5   | Received a gift from Okawaru
 21613 | Lair:5   | Received a gift from Okawaru
 22190 | Lair:5   | Reached skill level 19 in Long Blades
 22782 | Lair:6   | Entered Level 6 of the Lair of Beasts
 22988 | Lair:6   | Found a viscous altar of Jiyva.
 22988 | Lair:6   | Found a staircase to the Slime Pits.
 23189 | Lair:6   | Reached XP level 14. HP: 104/128 MP: 13/13
 24316 | Lair:6   | Noticed Rupert
 24769 | Lair:6   | Received a gift from Okawaru
 25140 | Lair:6   | Reached skill level 20 in Long Blades
 25723 | Lair:6   | Identified a +0 pair of boots of running (You found it on level 6 of the Lair of Beasts)
 26392 | Orc:1    | Received a gift from Okawaru
 26867 | Orc:2    | Found a staircase to the Elven Halls.
 27549 | Orc:2    | Noticed an orc warlord
 27576 | Orc:2    | Killed an orc warlord
 28172 | Orc:2    | Found Lirr's General Store.
 28182 | Orc:2    | Found Cukimm's Jewellery Shoppe.
 28415 | Orc:2    | Found Voysy's Antique Weapon Shoppe.
 28861 | Orc:2    | Found a roughly hewn altar of Beogh.
 28878 | Orc:2    | Found Deugh's Antique Weapon Emporium.
 29391 | Shoals:1 | Entered Level 1 of the Shoals
 29716 | D:12     | Reached XP level 15. HP: 129/139 MP: 14/14
 29880 | D:12     | Reached skill level 21 in Long Blades
 30027 | D:12     | Found Notid's General Store.
 30212 | D:12     | Bought a potion of haste for 120 gold pieces
 30445 | D:12     | Received a gift from Okawaru
 31603 | D:13     | Found a corrupted altar of Lugonu.
 32425 | D:14     | Found Coqoc's Assorted Antiques.
 32428 | D:14     | Bought a warped silver ring for 160 gold pieces
 32428 | D:14     | Bought a faintly glowing scale mail for 288 gold pieces
 32438 | D:14     | Identified the cursed +0 scale mail "Ubumopim" {MR+ Str+4} (You bought it in a shop on level 14 of the Dungeon)
 32451 | D:14     | Identified the ring of Yvyesmat {rN+ MR- Str+2 Dex+5} (You bought it in a shop on level 14 of the Dungeon)
 32610 | D:14     | Reached skill level 15 in Fighting
 32773 | D:14     | Got an ancient rapier
 32774 | D:14     | Identified the +6 rapier of Gosig {pierce, Stlth+} (You found it on level 14 of the Dungeon)
 32980 | D:14     | Found a gate to the Vaults.
 33222 | D:15     | Entered Level 15 of the Dungeon
 33544 | D:15     | Received a gift from Okawaru
 33568 | D:15     | Found a glowing golden altar of the Shining One.
 33568 | D:15     | Found a snail-covered altar of Cheibriados.
 33569 | D:15     | Found a shimmering altar of Xom.
 33606 | D:15     | Noticed feamirim's ghost (journeyman GrFi)
 33662 | D:15     | Killed feamirim's ghost
 33662 | D:15     | Reached skill level 22 in Long Blades
 34093 | D:15     | Reached skill level 15 in Shields
 34283 | D:15     | Reached XP level 16. HP: 54/150 MP: 6/15
 34582 | D:15     | Received a gift from Okawaru
 34597 | D:15     | Got a dazzling scale mail {god gift}
 34608 | D:15     | Identified the +2 scale mail of the Eagle {rPois rCorr Str-5} (Okawaru gifted it to you on level 15 of the Dungeon)
 34976 | D:15     | HP: 2/151 [frost giant/bolt of cold (47)]
 34976 | D:15     | Killed from afar by an ice dragon

Vault maps used:
D:1:      sevenhm_arrival_forest_fort_small_5, corner_web_ring,
          kennysheep_nondescript
D:2:      kennysheep_okawaru_gauntlet, lightli_temple_of_fire, bloody_trog,
          first_ration, kennysheep_generic_room_6
D:3:      lemuel_blue_sif_altar
D:4:      nicolae_overflow_hidden_temple, minmay_temple_entry_mist
D:5:      uniq_prince_ribbit1
D:6:      lemuel_round_altar, vehumet_altar_wand_db, serial_glass,
          glass_columns_b, glass_columns_b
D:7:      serial_shops, nicolae_shop_behind_doors, nicolae_shop_trees, shop,
          nicolae_shop_waterfront, shop
D:8:      minmay_quarter_circles
D:9:      hive_lemuel
D:10:     kennysheep_orc_monster_closet_entryway
D:11:     lair_entry_dummy, serial_shops, nicolae_shop_trees
D:12:     serial_shops, shop
D:13:     grunt_livestock, tgw_lugonu_bribe
D:14:     david_vaults_4, corexii_leaking_fountain, serial_shops,
          nicolae_shop_behind_doors
D:15:     hangedman_slaughterboxes
Lair:1:   wad_woods_tower, serial_forest, infiniplex_forest_end_1,
          infiniplex_forest_lined_room_, infiniplex_forest_clump_curved,
          infiniplex_forest_lined_3_way, infiniplex_forest_clump_diagonal,
          infiniplex_forest_end_double
Lair:2:   serial_bayou_pond_a, uniq_gastronok
Lair:3:   elwin_shoals_entry_stream, minmay_snake_entry_guardpost_small,
          lemuel_centaur_altar, grunt_megastairs_1, serial_bayou_shore_b
Lair:4:   lemuel_fruit_fields
Lair:5:   grunt_megastairs_2
Lair:6:   hangedman_lair_caniforms_friends, hangedman_lair_tendril_chambers,
          slime_altar_1, lemuel_fruit_fields, serial_bayou_shore_a, uniq_rupert
Orc:2:    pubby_orc_utopia

Skill      XL: |  1  2  3  4  5  6  7  8  9 10 11 12 13 14 15 |
---------------+----------------------------------------------+-----
Long Blades    | 3 5 6 7 9 11 13 15 16 17 19 20 22 | 22.6
Fighting       | 4 5 6 7 8 10 11 13 14 15 | 15.9
Armour         | 4 8 10 11 | 11.8
Shields        | 7 10 12 13 15 | 15.0

Action                   |  1- 3 |  4- 6 |  7- 9 | 10-12 | 13-15 | 16-18 || total
-------------------------+-------+-------+-------+-------+-------+-------++-------
Melee: Long sword        |    85 |   177 |   342 |   102 |       |       ||   706
       Headbutt          |     7 |    26 |    58 |   218 |   497 |    46 ||   852
       Scimitar          |       |       |       |   942 |  2128 |   139 ||  3209
       Demon blade       |       |       |       |       |   210 |       ||   210
Invok: Heroism           |       |       |     1 |     3 |       |       ||     4
Evoke: Wand              |       |       |       |     2 |    39 |       ||    41
  Use: Potion            |     1 |     1 |     4 |     5 |     8 |       ||    19
       Scroll            |       |    10 |    10 |     9 |    12 |       ||    41
  Eat: Chunk             |     3 |     6 |    25 |    33 |    55 |     3 ||   125
       Ration            |       |       |       |     3 |       |       ||     3
Armor: Scale mail        |    36 |    88 |   109 |    58 |       |       ||   291
       Skin              |       |       |       |    22 |       |       ||    22
       Plate armour      |       |       |       |   383 |   947 |    78 ||  1408
Dodge: Dodged            |    23 |    59 |    63 |   172 |   297 |    16 ||   630
       Deflected         |       |       |       |     5 |    17 |     2 ||    24
Block: Shield            |    45 |    91 |   144 |   500 |  1200 |    68 ||  2048
       Rpst.: Long sword |     5 |    16 |    23 |     4 |       |       ||    48
       Scimitar          |       |       |       |    40 |    55 |     4 ||    99
       Demon blade       |       |       |       |       |    16 |       ||    16

Table legend:
 A = Spawn XP
 B = Non-spawn XP
 C = Spawn XP percentage of total XP
 D = Spawn monster count
 E = Non-spawn monster count
 F = Spawn count percentage of total count
 G = Total turns spent on level
                    A         B        C        D         E        F      G
               +---------+---------+-------+---------+---------+-------+---------
         Total |       0 |  165752 |   0.0 |       0 |     938 |   0.0 | 34976
               +---------+---------+-------+---------+---------+-------+---------
           D:1 |       0 |      34 |   0.0 |       0 |      17 |   0.0 |   990
           D:2 |       0 |     197 |   0.0 |       0 |      19 |   0.0 |  1229
           D:3 |       0 |     105 |   0.0 |       0 |      18 |   0.0 |  1038
           D:4 |       0 |     514 |   0.0 |       0 |      24 |   0.0 |  1099
           D:5 |       0 |     698 |   0.0 |       0 |      20 |   0.0 |  1037
           D:6 |       0 |    1206 |   0.0 |       0 |      11 |   0.0 |  1041
           D:7 |       0 |    2000 |   0.0 |       0 |      43 |   0.0 |  1851
           D:8 |       0 |    8458 |   0.0 |       0 |      59 |   0.0 |  2164
           D:9 |       0 |    2122 |   0.0 |       0 |      45 |   0.0 |  1167
          D:10 |       0 |    6083 |   0.0 |       0 |      56 |   0.0 |  2616
          D:11 |       0 |    5607 |   0.0 |       0 |      36 |   0.0 |  1242
          D:12 |       0 |    6210 |   0.0 |       0 |      28 |   0.0 |  1306
          D:13 |       0 |   14023 |   0.0 |       0 |      52 |   0.0 |  1428
          D:14 |       0 |    9685 |   0.0 |       0 |      26 |   0.0 |  1007
          D:15 |       0 |   34244 |   0.0 |       0 |      75 |   0.0 |  1752
        Lair:1 |       0 |    4311 |   0.0 |       0 |      19 |   0.0 |  1120
        Lair:2 |       0 |    3191 |   0.0 |       0 |       6 |   0.0 |  1003
        Lair:3 |       0 |    7429 |   0.0 |       0 |      33 |   0.0 |  1749
        Lair:4 |       0 |    4506 |   0.0 |       0 |      19 |   0.0 |   871
        Lair:5 |       0 |    8199 |   0.0 |       0 |      35 |   0.0 |  1487
        Lair:6 |       0 |   26414 |   0.0 |       0 |     117 |   0.0 |  3272
         Orc:1 |       0 |    2403 |   0.0 |       0 |      41 |   0.0 |  1090
         Orc:2 |       0 |   18113 |   0.0 |       0 |     139 |   0.0 |  3415
               +---------+---------+-------+---------+---------+-------+---------
